Map: Dasan Station LE

Players

LiquidTLO (TLO) - Winner!

  • Race: Zerg Zerg
  • League: Master

Elroye

  • Race: Zerg Zerg
  • League: Master

Event: DreamHack ZOWIE Open Valencia 2016

VOD

Have the link to the VOD?

Description

Time

  • Played on: July 14, 2016, 9:14 a.m.
  • Length: 7:36

All games in this series

Show
View Real Time Build Order
Export as new Build Order

LiquidTLO Zerg - Winner!

Build Orders: Pool First 

Get SALT Encoding   

  12  0:00  Drone  
  13  0:12  Overlord  
  13  0:17  Drone  
  14  0:31  Drone x2  
  16  0:41  Spawning Pool  
  15  0:45  Drone  
  15  0:48  Drone  
  17  1:09  Hatchery  
  16  1:14  Drone  
  16  1:16  Drone  
  18  1:19  Drone  
  18  1:21  Extractor  
  18  1:29  Queen  
  20  1:37  Drone  
  21  1:44  Roach Warren  
  20  1:49  Overlord  
  20  1:54  Drone  
  21  2:05  Zergling x2  
  22  2:10  Drone  
  22  2:11  Queen  
  25  2:24  Roach  
  25  2:25  Drone  
  28  2:32  Drone x2  
  28  2:36  Overlord  
  30  2:37  Drone  
  30  2:39  Drone  
  32  2:47  Ravager  
  32  2:48  Drone x2  
  35  2:55  Roach  
  35  2:56  Roach  
  41  3:05  Roach  
  41  3:06  Roach  
  41  3:09  Overlord  
  41  3:10  Drone  
  44  3:17  Overlord  
  44  3:18  Overlord  
  44  3:28  Drone x3  
  44  3:29  Drone  
  44  3:31  Roach  
  49  3:37  Roach  
  49  3:39  Roach  
  49  3:41  Roach  
  55  3:42  Zergling x2  
  55  3:45  Roach  
  58  3:52  Zergling x2  
  58  3:55  Roach  
  61  4:03  Roach  
  61  4:08  Drone x2  
  56  4:13  Roach  
  50  4:22  Drone  
  50  4:23  Roach  
  50  4:27  Zergling x4  
  50  4:29  Queen x2  
  55  4:33  Drone  
  55  4:36  Drone  
  55  4:38  Roach  
  59  4:41  Roach  
  61  4:49  Drone x2  
  61  4:50  Extractor  
  62  4:55  Roach  
  62  4:59  Roach  
  66  5:06  Overlord  
  66  5:10  Overlord  
  66  5:19  Overlord  
  66  5:24  Drone, Extractor  
  66  5:28  Drone  
  67  5:30  Drone  
  67  5:34  Roach  
  70  5:37  Roach  
  70  5:41  Ravager  
  73  5:43  Ravager  
  73  5:45  Drone, Hatchery  
  74  5:51  Roach  
  74  5:54  Overlord  
  74  5:55  Roach  
  78  5:59  Roach  
  80  6:05  Roach  
  80  6:08  Roach x2  
  86  6:12  Roach  
  86  6:17  Roach  
  90  6:20  Roach  
  90  6:22  Drone  
  90  6:25  Roach  
  95  6:30  Roach  
  95  6:32  Roach  
  97  6:39  Roach  
  99  6:43  Roach  
  99  6:44  Drone  
  99  6:46  Roach  
  98  6:48  Roach  
  98  6:53  Roach  
  98  6:54  Ravager  
  95  6:56  Roach  
  95  6:58  Roach  
  95  7:01  Roach  
  94  7:04  Roach  
  93  7:09  Roach  
  93  7:12  Roach  
  93  7:15  Roach  
Show
View Real Time Build Order
Export as new Build Order

Elroye Zerg 

Build Orders: Pool First 

Get SALT Encoding   

  12  0:01  Drone  
  13  0:13  Overlord  
  13  0:17  Drone  
  14  0:31  Drone x2  
  14  0:34  Drone  
  17  0:44  Spawning Pool  
  17  0:48  Drone  
  17  0:56  Extractor  
  16  1:01  Drone  
  17  1:14  Hatchery  
  16  1:27  Drone  
  17  1:33  Queen  
  17  1:35  Zergling x2  
  17  1:37  Drone  
  21  1:41  Drone  
  22  1:50  Overlord  
  22  1:59  Roach Warren  
  21  2:23  Drone x2  
  21  2:26  Queen  
  25  2:41  Roach x4  
  33  2:46  Overlord  
  33  2:50  Roach  
  35  2:55  Drone  
  35  3:07  Roach x3  
  35  3:08  Roach  
  43  3:20  Extractor  
  43  3:21  Roach  
  43  3:22  Overlord  
  45  3:35  Overlord  
  44  3:43  Roach  
  44  3:44  Roach x2  
  44  3:46  Zergling x4  
  52  3:53  Ravager  
  52  3:54  Zergling x2  
  51  3:56  Zergling x2  
  36  4:25  Drone x2  
  36  4:26  Drone x3  
  36  4:27  Drone  
  41  4:45  Queen  
  41  4:51  Ravager x2  
  45  4:58  Drone  
  45  4:59  Drone x3  
  49  5:16  Drone x2  
  51  5:24  Overlord, Extractor  
  51  5:26  Hatchery  
  49  5:29  Roach x2  
  49  5:33  Roach  
  55  5:43  Drone x6  
  55  5:47  Metabolic Boost, Extractor  
  60  5:54  Drone x2  
  57  6:00  Roach  
  57  6:01  Roach  
  58  6:09  Roach x2  
  57  6:13  Roach  
  59  6:21  Roach  
  61  6:29  Overlord  
  61  6:33  Ravager  
  61  6:38  Roach  
  61  6:43  Roach  
  61  6:46  Roach  
  54  6:53  Drone x2  
  35  7:12  Ravager  
  35  7:15  Roach x3  
  34  7:17  Zergling x6  

Tags
 
Add a new tag
Caveats
  • Supply blocks, unpowered buildings, or Contaminate may cause inaccurate times.
  • Supply counts are checked every 10 seconds.